 Dungeon Crawl Stone Soup version 0.29.1-15-g9cfb28693d (webtiles) character file.

Game seed: 8002844214608993724

159 EarthwalkerPL the Covered (level 5, -1/47 HPs)
             Began as a Minotaur Fighter on Apr 13, 2023.
             Slain by a gnoll
             ... wielding a +0 spear
             ... led by a gnoll bouda
              (2 damage)
             ... on level 4 of the Dungeon.
             The game lasted 00:03:02 (2442 turns).

EarthwalkerPL the Covered (Minotaur Fighter)        Turns: 2442, Time: 00:03:02

Health: -1/47      AC:  9    Str: 23    XL:     5   Next: 17%
Magic:  4/4        EV:  9    Int:  5    God:
Gold:   153        SH:  4    Dex:  9    Spells: 4/4 levels left

rFire   . . .      SeeInvis .   a - +0 war axe
rCold   . . .      Faith    .   c - +0 buckler
rNeg    . . .      Spirit   .   b - +0 scale mail
rPois   .          Reflect  .   (helmet restricted)
rElec   .          Harm     .   j - +0 cloak
rCorr   .          Rampage  .   f - +0 pair of gloves
Will    .....                   (no boots)
Stlth   ..........              (no amulet)
HPRegen 0.15/turn               (no ring)
MPRegen 0.09/turn               (no ring)

@: weakened
A: horns 2, retaliatory headbutt
a: no special abilities


You were on level 4 of the Dungeon.
You visited 1 branch of the dungeon, and saw 4 of its levels.

You collected 153 gold pieces.

Inventory:

Hand Weapons
 a - a +0 war axe (weapon)
Missiles
 m - 4 boomerangs of dispersal (quivered)
 q - 3 poisoned darts
Armour
 b - a +0 scale mail (worn)
 c - a +0 buckler (worn)
 f - a +0 pair of gloves (worn)
 j - a +0 cloak (worn)
Wands
 l - a wand of roots (9)
Scrolls
 e - a scroll of summoning {unknown}
 g - 3 scrolls of fog {unknown}
 h - 3 scrolls of teleportation {unknown}
 o - 2 scrolls of identify {unknown}
 p - a scroll of poison {unknown}
 r - a scroll of blinking {unknown}
 u - a scroll of fear {unknown}
Potions
 d - 4 potions of might
 i - a potion of brilliance {unknown}
 k - a potion of resistance {unknown}
 n - a potion of ambrosia {unknown}
 s - a potion of attraction {unknown}
 t - a potion of heal wounds {unknown}


   Skills:
 * Level 4.8 Fighting
 * Level 4.0 Axes
 * Level 4.9 Armour
 + Level 4.2 Shields


You had 4 spell levels left.
You didn't know any spells.
Your spell library contained the following spells:

 Spells                   Type           Power      Damage    Failure   Level
 Ensorcelled Hibernation  Hex/Ice        0%         N/A       95%         2
 Passwall                 Tmut/Erth      0%         N/A       95%         2
 Summon Guardian Golem    Hex/Summ       0%         N/A       99%         3
 Swiftness                Air            0%         N/A       99%         3
 Orb of Destruction       Conj           0%         9d5       100%        7
 Spellforged Servitor     Conj/Summ      0%         N/A       100%        7


Dungeon Overview and Level Annotations

Branches:
Dungeon (4/15)
 Temple: D:4-7

Altars:
Gozag
Qazlal
Vehumet


Innate Abilities, Weirdness & Mutations

You have a pair of horns on your head.
You reflexively headbutt those who attack you in melee.


Message History

The gnoll hits you with a +0 whip.
The gnoll hits you from afar with a +0 halberd.
You barely miss the gnoll. Your headbutt misses the gnoll. You slash the gnoll!
The gnoll hits you but does no damage. The gnoll closely misses you.
The gnoll hits you with a +0 flail. The gnoll hits you but does no damage.
The gnoll barely misses you.
Unknown command.
You slash the gnoll!
You kill the gnoll!
You hit the gnoll but do no damage. You barely miss the gnoll.
The gnoll barely misses you.
The gnoll hits you from afar with a +0 halberd!
The gnoll hits you but does no damage. The gnoll barely misses you.
The gnoll hits you but does no damage. The gnoll barely misses you.
The gnoll bouda hits you with a +0 whip.
The gnoll hits you with a +0 flail. The gnoll hits you with a +0 whip.
You are too injured to fight recklessly!
You hit the gnoll. Your headbutt misses the gnoll.
The gnoll is moderately wounded.
You slash the gnoll! You hit the gnoll bouda.
You hit the gnoll but do no damage. You closely miss the gnoll.
The gnoll hits you with a +0 spear.
* * * LOW HITPOINT WARNING * * *
The gnoll closely misses you.
The gnoll bouda hits you but does no damage.
The gnoll closely misses you. The gnoll barely misses you. x2
The gnoll bouda gazes fiercely through you!
You feel your attacks grow feeble.
The gnoll bouda hits you with a +0 whip!
* * * LOW HITPOINT WARNING * * *
You hear a distant slurping noise.
The gnoll barely misses you.
You slash the gnoll!
The gnoll is almost dead.
You hit the gnoll. You hit the gnoll but do no damage. x2
You closely miss the gnoll bouda. The gnoll hits you but does no damage.
The gnoll hits you with a +0 whip.
* * * LOW HITPOINT WARNING * * *
The gnoll hits you with a +0 spear.
You die...

#.......# .......#
.......#
######......#
##...##......#
#....#.......#
#....#.ggg...#
#....#..@g...#
#######...##g.)...#
#....##...##......#
#.........##......#
+.....†...##......#
#.................#
#.................#
#.................#
#.........##+######


You could see a gnoll bouda and 4 gnolls.

Vanquished Creatures
  Jessica (D:2)
  2 gnolls
  4 adders
  2 worms (D:3)
  A dart slug (D:4)
  An orc (D:3)
  7 endoplasms
  3 giant cockroaches
  4 goblins
  6 hobgoblins
  7 jackals
  9 kobolds
  8 ball pythons
  4 bats
  4 frilled lizards (D:1)
  4 rats
67 creatures vanquished.

Notes
Turn   | Place    | Note
-------+----------+-------------------------------------------
     0 | D:1      | EarthwalkerPL the Minotaur Fighter began the quest for the
                  | Orb.
     0 | D:1      | Reached XP level 1. HP: 19/19 MP: 0/0
   117 | D:1      | Reached XP level 2. HP: 27/27 MP: 1/1
   217 | D:1      | Found a faded altar of an unknown god.
   437 | D:1      | Reached XP level 3. HP: 24/33 MP: 2/2
  1015 | D:2      | Noticed Jessica
  1019 | D:2      | Killed Jessica
  1020 | D:2      | Reached XP level 4. HP: 41/41 MP: 3/3
  1541 | D:3      | Found an opulent altar of Gozag.
  1758 | D:3      | Reached XP level 5. HP: 37/47 MP: 4/4
  2350 | D:4      | Found a radiant altar of Vehumet.
  2361 | D:4      | Found a stormy altar of Qazlal.
  2442 | D:4      | HP: 1/47 [gnoll/+0 whip[a gnoll bouda] (3)]
  2442 | D:4      | Slain by a gnoll

Illustrated notes

Levels and vault maps discovered:
D:1:      eino_arrival_cavern_d, layout_basic,
          hellmonk_ecumenical_altar_inner_sanctum
D:2:      layout_rooms, uniq_jessica
D:3:      layout_basic, lemuel_crystal_altar, kennysheep_generic_room_16
D:4:      layout_gridville, mainiacjoe_overflow_brackets,
          mainiacjoe_overflow_catch_the_wave, minmay_pentomino_pile

Skill      XL: |  1  2  3  4 |
---------------+-------------+-----
Armour         | 4 |  4.9
Axes           | 3 4 |  4.0
Fighting       | 4 |  4.8
Shields        | 4 |  4.2

Action                   |  1- 3 |  4- 6 || total
-------------------------+-------+-------++-------
Melee: War axe           |    67 |    58 ||   125
       Headbutt          |    10 |     8 ||    18
Armor: Scale mail        |    33 |    27 ||    60
Dodge: Dodged            |    30 |    31 ||    61
Block: Buckler           |    19 |    10 ||    29
